 Dungeon Crawl Stone Soup version 0.29-a0-207-gf982a884d8 (webtiles) character file.

Game seed: 11390658399973042055

107 Zeldest the Shooter (level 4, 0/28 HPs)
             Began as a Tengu Hunter on Feb 23, 2022.
             Slain by Natasha (2 damage)
             ... on level 3 of the Dungeon.
             The game lasted 00:02:21 (2405 turns).

Zeldest the Shooter (Tengu Hunter)                  Turns: 2405, Time: 00:02:21

Health: 0/28       AC:  9    Str: 12    XL:     4   Next: 86%
Magic:  5/5        EV:  6    Int: 11    God:
Gold:   53         SH:  0    Dex: 21    Spells: 3/3 levels left

rFire   . . .      SeeInvis .   a - +1 shortbow
rCold   . . .      Faith    .   (shield currently unavailable)
rNeg    . . .      Spirit   .   m - +1 chain mail "Agoxt" {Dex+4}
rPois   .          Reflect  .   n - +0 hat
rElec   .          Harm     .   i - scarf {repulsion}
rCorr   .          Rampage  .   (no gloves)
Will    .....                   (boots unavailable)
Stlth   ..........              (no amulet)
HPRegen 0.09/turn               (no ring)
MPRegen 0.09/turn               (no ring)

@: slowed, repel missiles, very slow
A: beak, talons 3
a: no special abilities


You were on level 3 of the Dungeon.
You visited 1 branch of the dungeon, and saw 3 of its levels.

You collected 53 gold pieces.

Inventory:

Hand Weapons
 a - a +1 shortbow (weapon)
Armour
 b - a +0 leather armour
 i - a scarf of repulsion (worn)
 m - the +1 chain mail "Agoxt" (worn) {Dex+4}
   (You found it on level 3 of the Dungeon)

   Dex:       It affects your dexterity (+4).
 n - a +0 hat (worn)
Jewellery
 f - a +6 ring of strength
 o - a ring of ice
Scrolls
 d - 3 scrolls of vulnerability {unknown}
 g - a scroll of blinking {unknown}
 h - 2 scrolls of enchant armour {unknown}
 k - a scroll of enchant weapon {unknown}
Potions
 c - 3 potions of curing {unknown}
 e - a potion of magic {unknown}
 j - a potion of heal wounds {unknown}
 l - a potion of berserk rage {unknown}


   Skills:
 + Level 3.1 Fighting
 + Level 5.1 Bows
 + Level 3.4 Dodging
 - Level 1.5 Stealth


You had 3 spell levels left.
You didn't know any spells.
Your spell library contained the following spells:

 Spells                   Type           Power      Damage    Failure   Level
 Sting                    Tmut/Pois      0%         1d3       100%        1
 Poisonous Vapours        Pois/Air       0%         N/A       100%        2
 Sublimation of Blood     Necr           0%         N/A       100%        2
 Olgreb's Toxic Radiance  Pois           0%         N/A       100%        4
 Petrify                  Tmut/Erth      0%         N/A       100%        4
 Irradiate                Conj/Tmut      0%         3d13      100%        5


Dungeon Overview and Level Annotations

Branches:
Dungeon (3/15)

Altars:

Shops:
D:2 [

Annotations:
D:3 Natasha


Innate Abilities, Weirdness & Mutations

You have a beak for a mouth.
You have claws for feet.


Message History

Natasha is moderately wounded.
Natasha drinks a potion.
Natasha suddenly seems more resistant.
Natasha is nearby!
You shoot an arrow. The arrow hits Natasha.
Natasha is moderately wounded.
Natasha casts a spell at you.
You feel yourself slow down.
You shoot an arrow.
The arrow hits Natasha but does no damage.
Natasha is moderately wounded.
Natasha claws you but does no damage.
Natasha stares at you and mumbles some strange words.
You feel as though you will be slow longer.
Natasha casts a spell at you. The magic dart hits you.
Natasha is nearby!
You shoot an arrow. The arrow barely misses Natasha.
Natasha claws you but does no damage. Natasha barely misses you.
Natasha casts a spell at you.
The magic dart hits you but does no damage.
You shoot an arrow. The arrow barely misses Natasha.
Natasha stares at you and mumbles some strange words.
You feel as though you will be slow longer.
Natasha claws you.
You shoot an arrow. The arrow closely misses Natasha.
Natasha claws you but does no damage. Natasha claws you. x2
You are too injured to fight recklessly!
You are too injured to fight recklessly!
You are too injured to fight recklessly!
You are too injured to fight recklessly!
You aren't carrying any items that you can evoke.
Unknown command.
Shoot: a) +1 shortbow
Press: ? - help, Shift-Dir - straight line, f/p - Natasha
Aim: Natasha (moderately wounded, unusually resistant, 60% to hit)
You shoot an arrow. The arrow barely misses Natasha.
Natasha claws you. Natasha claws you!
* * * LOW HITPOINT WARNING * * *
Natasha claws you.
You die...

#.# #.# #.# #.#
#.#### # #....#
#.# ####.# ..
#.#######.##.#
#......@h....#
#########.)....
#####


You could see Natasha (resistant).

Vanquished Creatures
  Robin (D:3)
  2 adders (D:2)
  3 worms
  3 dart slugs
  An orc (D:2)
  3 bats
  6 endoplasms
  3 giant cockroaches
  12 goblins
  5 hobgoblins
  2 jackals (D:1)
  6 kobolds
  3 quokkas
  2 frilled lizards
  A quokka skeleton (D:2)
  4 rats
57 creatures vanquished.

Vanquished Creatures (others)
  16 plants (D:2)
16 creatures vanquished.

Grand Total: 73 creatures vanquished

Notes
Turn   | Place    | Note
-------+----------+-------------------------------------------
     0 | D:1      | Zeldest the Tengu Hunter began the quest for the Orb.
     0 | D:1      | Reached XP level 1. HP: 12/12 MP: 2/2
    70 | D:1      | Reached XP level 2. HP: 17/17 MP: 3/3
   117 | D:1      | Found a faded altar of an unknown god.
   758 | D:2      | Reached XP level 3. HP: 22/22 MP: 4/4
  1056 | D:2      | Reached XP level 4. HP: 27/27 MP: 5/5
  1087 | D:2      | Found Joinady's Antique Armour Boutique.
  1231 | D:2      | Reached skill level 5 in Bows
  1701 | D:3      | Noticed Robin
  1996 | D:3      | Identified the +1 chain mail "Agoxt" {Dex+4}
  2017 | D:3      | Killed Robin
  2398 | D:3      | Noticed Natasha
  2405 | D:3      | Slain by Natasha

Illustrated notes

Levels and vault maps discovered:
D:1:      erik_arrival_blinker_ship, layout_basic,
          ebering_ecumenical_altar_abandoned
D:2:      layout_loops_corners, serial_shops, shop_fountains, serial_bayou,
          serial_bayou_ford_a, serial_bayou_lake_a, serial_bayou_shore_b,
          serial_bayou_pond_e, kennysheep_generic_room_8
D:3:      layout_loops_corners, uniq_natasha, uniq_robin

Skill      XL: |  1  2  3  4 |
---------------+-------------+-----
Dodging        | 3 |  3.4
Bows           | 5 |  5.1
Fighting       | 3 |  3.1
Stealth        | |  1.5

Action                   |  1- 3 |  4- 6 || total
-------------------------+-------+-------++-------
 Fire: Shortbow          |    75 |    73 ||   148
Armor: Leather armour    |     6 |     9 ||    15
       Chain mail        |       |    10 ||    10
Dodge: Dodged            |    17 |    24 ||    41

Table legend: (Time is in decaauts)
 A = Elapsed time spent in this place.
 B = Non-inter-level travel time spent in this place.
 C = Inter-level travel time spent in this place.
 D = Time resting spent in this place.
 E = Time spent auto-exploring this place.
 F = Levels seen in this place.
 G = Mean time per level.
                   A        B        C        D        E       F      G
               +--------+--------+--------+--------+--------+-----+--------+
         Total |   2529 |   2388 |    141 |    284 |   1748 |   3 |  843.0 |
       Dungeon |   2529 |   2388 |    141 |    284 |   1748 |   3 |  843.0 |
               +--------+--------+--------+--------+--------+-----+--------+

Top non-repeatable levels by time:
     D:2: 1287 daAuts
     D:1: 759 daAuts
     D:3: 483 daAuts
